 Dungeon Crawl Stone Soup version 0.31-a0-152-g6aa68a64a1 (webtiles) character file.

Game seed: 15361924313757038426

88 Elmgren the Conjurer (level 4, -7/24 HPs)
             Began as a Deep Elf Conjurer on June 9, 2023.
             Killed from afar by Ijyb (16 damage)
             ... with an iceblast
             ... on level 3 of the Dungeon.
             The game lasted 00:04:41 (2286 turns).

Elmgren the Conjurer (Deep Elf Conjurer)            Turns: 2286, Time: 00:04:41

Health: -7/24      AC:  2    Str:  4    XL:     4   Next: 29%
Magic:  12/12      EV: 18    Int: 25    God:
Gold:   130        SH:  0    Dex: 13    Spells: 8/11 levels left

rFire   . . .        h - staff of conjuration
rCold   . . .        (no shield)
rNeg    . . .        a - +0 robe
rPois   .            (no helmet)
rElec   .            (no cloak)
rCorr   .            (no gloves)
SInv    .            (no boots)
Will    .....        (no amulet)
Stlth   ++           l - +5 ring of evasion
HPRegen 0.24/turn    (no ring)
MPRegen 0.13/turn

%: no passive effects
@: no status effects
A: no striking features
a: no special abilities


You were on level 3 of the Dungeon.
You visited 1 branch of the dungeon, and saw 3 of its levels.

You collected 130 gold pieces.

Inventory:

Hand Weapons
 d - a +0 dagger
Armour
 a - a +0 robe (worn)
Magical Staves
 h - a staff of conjuration (weapon)
Jewellery
 l - a +5 ring of evasion (left hand)
 m - an amulet of faith
Scrolls
 c - a scroll of fog {unknown}
 e - 5 scrolls of identify {unknown}
 f - 2 scrolls of poison {unknown}
 g - a scroll of vulnerability {unknown}
 j - a scroll of blinking {unknown}
 k - a scroll of magic mapping {unknown}
 n - a scroll of fear {unknown}
Potions
 b - a potion of magic
 i - a potion of attraction {unknown}
 o - a potion of cancellation {unknown}
 p - a potion of degeneration {unknown}


   Skills:
 + Level 3.8 Dodging
 - Level 2.4 Stealth
 + Level 4.2 Spellcasting
 + Level 5.1 Conjurations


You had 8 spell levels left.
You knew the following spells:

 Your Spells              Type           Power      Damage    Failure   Level
a - Magic Dart            Conj           100%       1d8       1%          1
b - Searing Ray           Conj           92%        2d7       1%          2

Your spell library contained the following spells:

 Spells                   Type           Power      Damage    Failure   Level
 Dazzling Flash           Conj/Hex       54%        N/A       10%         3
 Fulminant Prism          Conj/Hex       13%        3d9       30%         4
 Iskenderun's Mystic Bla  Conj/Tloc      27%        2d7       30%         4


Dungeon Overview and Level Annotations

Branches:
Dungeon (3/15) Zot: 15708

Altars:

Shops:
D:1 [

Annotations:
D:3 Ijyb


Message History

You kill the orc!
The searing ray misses the orc.
You finish channelling your searing ray.
Casting: Searing Ray (safe; 1% risk of failure)
Confirm with . or Enter, or press ? or * to list all spells.
Aiming: Searing Ray (safe; 1% risk of failure)
Press: ? - help, Shift-Dir - straight line, f - orc
Aim: an orc, wielding a +0 hand axe (82% to hit)
You feel a surge of power!
The searing ray misses the orc.
The searing ray hits the orc but does no damage.
The searing ray hits the orc!
You kill the orc! (Press . to maintain the ray.)
The orc hits you with a +0 hand axe.
The searing ray hits the orc!
You kill the orc!
The searing ray hits the orc!
You kill the orc!
No target in view!
Ijyb the Twisted Goblin comes into view.
She is wielding a +0 club and carrying a wand of iceblast (9).
Unknown command.
There is an open door here.
You start resting.
Magic restored.
There is an open door here.
Items here: )) [ ††.
Things that are here:
a +0 short sword; a +0 leather armour; an orc corpse
Things that are here:
a +0 hand axe; a +0 dagger; an orc corpse
There is an open door here.
You now have 130 gold pieces (gained 4).
Found a fizzy yellow potion.
p - a fizzy yellow potion Ijyb shouts!
Ijyb zaps a wand.
The mass of ice explodes!
The iceblast engulfs you!
Ouch! That really hurt!
Ijyb zaps a wand.
The mass of ice explodes!
The iceblast engulfs you!
Ouch! That really hurt!
You die...

#.# #.......#.......
#.##....#######'#########
#.##....# #.# #.##g...#
#)# #.##....# #)#
#.##....# #####.#
#.##....# #...#)#
#..'....###...#'#####
#....@...........#
..................#.#
###.#+##..........#.# ..
####.......#.# .
#....##.#.# #....##.#.#
#....##...# #....######
####.#


You could see Ijyb.

Vanquished Creatures
  4 adders
  A worm (D:2)
  A dart slug (D:1)
  5 orcs (D:3)
  A ball python (D:3)
  An endoplasm (D:2)
  3 giant cockroaches (D:1)
  3 goblins
  4 hobgoblins
  4 jackals (D:1)
  6 bats
  A frilled lizard (D:1)
  2 kobolds
  4 rats (D:1)
40 creatures vanquished.

Notes
Turn   | Place    | Note
-------+----------+-------------------------------------------
     0 | D:1      | Elmgren the Deep Elf Conjurer began the quest for the Orb.
     0 | D:1      | Reached XP level 1. HP: 10/10 MP: 6/6
   196 | D:1      | Reached XP level 2. HP: 15/15 MP: 2/8
   511 | D:1      | Found Zommuh's Armour Shoppe.
  1117 | D:2      | Learned a level 2 spell: Searing Ray
  1167 | D:2      | Reached XP level 3. HP: 19/19 MP: 6/10
  1917 | D:3      | Reached skill level 5 in Conjurations
  1987 | D:3      | Reached XP level 4. HP: 18/24 MP: 6/12
  2187 | D:3      | Noticed Ijyb
  2286 | D:3      | Killed from afar by Ijyb

Illustrated notes

Levels and vault maps discovered:
D:1:      lightli_arrival_windingriver, layout_basic, serial_shops,
          nicolae_shop_tiny_glass
D:2:      layout_basic, serial_bayou_pond_c, kennysheep_crisscross,
          kennysheep_pointless_box, corner_web_ring, kennysheep_another_room
D:3:      layout_basic, nicolae_dithmenos_through_a_glass_darkly, uniq_ijyb

Skill      XL: |  1  2  3 |
---------------+----------+-----
Dodging        | 3 |  3.8
Spellcasting   | 4 |  4.2
Conjurations   | 5 |  5.1
Stealth        | |  2.4

Action                     |  1- 3 |  4- 6 || total
---------------------------+-------+-------++-------
  Melee: Staff             |     1 |       ||     1
   Cast: Magic Dart        |    76 |     2 ||    78
         Searing Ray       |     1 |     2 ||     3
 Armour: Robe              |     1 |       ||     1
  Dodge: Dodged            |    13 |     1 ||    14

Table legend: (Time is in decaauts)
 A = Elapsed time spent in this place.
 B = Non-inter-level travel time spent in this place.
 C = Inter-level travel time spent in this place.
 D = Time resting spent in this place.
 E = Time spent auto-exploring this place.
 F = Levels seen in this place.
 G = Mean time per level.
                   A        B        C        D        E       F      G
               +--------+--------+--------+--------+--------+-----+--------+
         Total |   2290 |   2247 |     43 |     48 |   1950 |   3 |  763.3 |
       Dungeon |   2290 |   2247 |     43 |     48 |   1950 |   3 |  763.3 |
               +--------+--------+--------+--------+--------+-----+--------+

Top non-repeatable levels by time:
     D:1: 1094 daAuts
     D:2: 799 daAuts
     D:3: 396 daAuts
